 Dungeon Crawl Stone Soup version 0.23-a0-136-g722f094 (webtiles) character file.

6199 rickyfort the Cleaver (level 10, 0/92 HPs)
             Began as a Minotaur Berserker on Aug 28, 2018.
             Was a High Priest of Trog.
             Succumbed to a hornet's poison
             ... on level 8 of the Dungeon.
             The game lasted 00:19:54 (9638 turns).

rickyfort the Cleaver (Minotaur Berserker)          Turns: 9638, Time: 00:19:55

Health: 0/92       AC: 15    Str: 25    XL:     10   Next: 61%
Magic:  9/9        EV: 10    Int:  4    God:    Trog [*****.]
Gold:   386        SH:  0    Dex: 10    Spells: 9/9 levels left

rFire    . . .     SeeInvis +   y - +1 hand axe (elec)
rCold    . . .     Gourm    .   (no shield)
rNeg     . . .     Faith    .   E - +0 plate armour
rPois    .         Spirit   .   (helmet restricted)
rElec    .         Reflect  .   D - +0 cloak
rCorr    .         Harm     .   (no gloves)
MR       .....                  (no boots)
Stlth    ..........             C - amulet of rage
HPRegen  0.25/turn              k - ring of attention (curse)
MPRegen  0.11/turn              q - ring of see invisible

@: lethally poisoned (0 -> -6), berserk cooldown
A: retaliatory headbutt, horns 2
a: Berserk, Trog's Hand, Brothers in Arms, Renounce Religion, Evoke Berserk Rage


You were on level 8 of the Dungeon.
You worshipped Trog.
Trog was extremely pleased with you.
You were very hungry.

You visited 1 branch of the dungeon, and saw 9 of its levels.

You collected 386 gold pieces.

Inventory:

Hand Weapons
 a - a +0 hand axe
 y - a +1 hand axe of electrocution (weapon)
Armour
 b - a +0 animal skin
 z - a +0 ring mail
 D - a +0 cloak (worn)
 E - a +0 plate armour (worn)
Jewellery
 k - a cursed ring of attention (left hand)
 n - an uncursed ring of magical power
 q - a ring of see invisible (right hand)
 C - an amulet of rage (around neck)
Wands
 A - a wand of scattershot (5)
Scrolls
 f - 3 scrolls of blinking
 g - 5 scrolls of remove curse
 l - 4 scrolls of fear
 m - 3 scrolls of enchant weapon
 u - a scroll of fog
 v - 3 scrolls of identify
 w - 2 scrolls of enchant armour {unknown}
 x - 2 scrolls of teleportation
 B - a scroll of holy word {unknown}
 F - a scroll of magic mapping {unknown}
 H - a scroll of immolation {unknown}
 J - a scroll of vulnerability {unknown}
Potions
 e - 2 potions of lignification
 h - 2 potions of curing {unknown}
 i - 2 potions of might
 j - 2 potions of mutation {unknown}
 o - 3 potions of agility
 p - 2 potions of haste {unknown}
 r - 2 potions of heal wounds {unknown}
 s - 2 potions of berserk rage {unknown}
 t - 2 potions of degeneration {unknown}
 G - a potion of magic {unknown}
Comestibles
 c - 17 rations


   Skills:
 + Level 9.7 Fighting
 + Level 12.0 Axes
 * Level 9.2 Armour
 + Level 7.4 Dodging
 - Level 2.6 Stealth


You had 9 spell levels left.
You didn't know any spells.
Your spell library was empty.

Dungeon Overview and Level Annotations

Branches:
Dungeon (9/15)             Temple (0/1) D:5
   Lair: D:8-11         Orc: D:9-12

Altars:
Ashenzari
Dithmenos
Fedhas
Gozag
Kikubaaqudgha
Okawaru
Qazlal
Ru
Trog
Vehumet
Yredelemnul
The Shining One

Shops:
D:4 %[   D:6 (


Innate Abilities, Weirdness & Mutations

You reflexively headbutt those who attack you in melee.
You have a pair of horns on your head.


Message History

It was a potion of might.
You feel very mighty all of a sudden.
* * * LOW HITPOINT WARNING * * *
You feel sick.
It was a potion of lignification.
You turn into a tree.
Your +0 cloak melds into your body.
Your +0 plate armour melds into your body.
Your roots penetrate the ground.
* * * LOW HITPOINT WARNING * * *
You feel sick.
It was a potion of cancellation.
Your magical effects are unravelling.
You feel magically purged.
You feel less wooden.
Your +0 cloak unmelds from your body.
Your +0 plate armour unmelds from your body.
You feel yourself speed up.
You feel a little less mighty now.
You feel a little less agile now.
You are feeling very hungry.
You die...

#.##.................##.# ######
#.####..###.########.##.# #.....
#.# #...###.########.##.####.####
#.###.#.................>.......#
#...........####..............#.#
####......### #.###..........#.#
#.....># #.# ####.#####.#..
#......# #.# #.# #.### #......#
#@# #.# #.# # #......# #.# #.#
#.# ###.##.# #.# #.# #.# ####
#.##.# #.# #.# #.# ...# #.##.#
#.# #.# #.# ##.###.##.# #.# #.#
#.# #...##.##.# #.# #.# #.###
.###.#.##.######.# #.# #.... ##
##..##....รท...######.# #####


There were no monsters in sight!

Vanquished Creatures
  Harold (D:7)
  A hornet (D:9)
  A hippogriff (D:7)
  Grum (D:9)
  A water moccasin (D:7)
  Duvessa (D:5)
  An ice beast (D:8)
  2 orc warriors
  2 black bears
  A necrophage (D:8)
  A phantom (D:7)
  7 ogres
  4 wolves (D:9)
  6 centaurs
  8 bullfrogs
  Dowan (D:5)
  2 scorpions (D:7)
  14 wights
  3 howler monkeys
  2 crimson imps
  A centaur zombie (D:7)
  A centaur skeleton (D:8)
  11 orc wizards
  4 orc priests
  2 bullfrog skeletons
  3 hounds
  A jelly (D:7)
  5 iguanas
  8 worker ants
  2 hound zombies
  2 hound skeletons
  A worker ant zombie (D:5)
  3 gnolls (D:7)
  10 adders
  A shadow imp (D:4)
  An ooze (D:2)
  4 adder skeletons
  3 dart slugs
  4 leopard geckos
  33 orcs
  6 giant cockroaches
  4 goblins
  6 hobgoblins
  14 jackals
  9 quokkas
  2 ball pythons
  6 bats
  5 frilled lizards
  A jackal skeleton (D:8)
  5 kobolds
  4 rats
222 creatures vanquished.

Notes
Turn   | Place    | Note
-------+----------+-------------------------------------------
     0 | D:1      | rickyfort the Minotaur Berserker began the quest for the
                  | Orb.
     0 | D:1      | Reached XP level 1. HP: 19/19 MP: 0/0
   276 | D:1      | Reached XP level 2. HP: 23/27 MP: 1/1
   410 | D:1      | Reached skill level 4 in Axes
  1340 | D:2      | Reached XP level 3. HP: 20/33 MP: 2/2
  1413 | D:2      | Found a radiant altar of Vehumet.
  1563 | D:2      | Found a sacrificial altar of Ru.
  1626 | D:2      | Found a stormy altar of Qazlal.
  1854 | D:3      | Reached XP level 4. HP: 27/41 MP: 3/3
  1896 | D:3      | Reached ** piety under Trog
  1916 | D:3      | Found a basalt altar of Yredelemnul.
  2117 | D:3      | Reached skill level 5 in Axes
  2375 | D:3      | Noticed a bullfrog
  2380 | D:3      | Killed a bullfrog
  2380 | D:3      | Reached XP level 5. HP: 36/47 MP: 4/4
  2532 | D:4      | Found Jeheduu's Food Boutique.
  2575 | D:4      | Reached skill level 1 in Stealth
  2578 | D:4      | Reached skill level 5 in Fighting
  2585 | D:4      | Reached skill level 6 in Axes
  2585 | D:4      | Reached XP level 6. HP: 49/56 MP: 5/5
  2591 | D:4      | Found a shadowy altar of Dithmenos.
  2613 | D:4      | Found a bloodstained altar of Trog.
  2986 | D:4      | Found Socaahud's Armour Boutique.
  3186 | D:4      | Found an ancient bone altar of Kikubaaqudgha.
  3188 | D:4      | Found a blossoming altar of Fedhas.
  3231 | D:5      | Entered Level 5 of the Dungeon
  3242 | D:5      | Found a staircase to the Ecumenical Temple.
  3378 | D:5      | Reached XP level 7. HP: 35/61 MP: 6/6
  3558 | D:5      | Reached skill level 7 in Axes
  4139 | D:5      | Noticed Duvessa
  4139 | D:5      | Noticed Dowan
  4148 | D:5      | Killed Duvessa
  4168 | D:5      | Reached *** piety under Trog
  4179 | D:5      | Reached skill level 5 in Dodging
  4188 | D:5      | Killed Dowan
  4203 | D:4      | Reached skill level 8 in Axes
  4412 | D:5      | Reached XP level 8. HP: 68/71 MP: 7/7
  5204 | D:6      | Reached skill level 9 in Axes
  5250 | D:6      | Found Ojeupn's Weapon Boutique.
  6117 | D:7      | Noticed a hippogriff
  6129 | D:7      | Killed a hippogriff
  6129 | D:7      | Reached skill level 5 in Armour
  6129 | D:7      | Reached XP level 9. HP: 51/79 MP: 8/8
  6139 | D:7      | Reached **** piety under Trog
  6552 | D:7      | Reached skill level 10 in Axes
  7161 | D:7      | Noticed Harold
  7181 | D:7      | Killed Harold
  7939 | D:8      | Found an iron altar of Okawaru.
  7959 | D:8      | Reached skill level 11 in Axes
  7959 | D:8      | Reached XP level 10. HP: 90/90 MP: 9/9
  8263 | D:8      | Reached ***** piety under Trog
  8288 | D:8      | Found an iron altar of Okawaru.
  8290 | D:8      | Found a shattered altar of Ashenzari.
  8299 | D:8      | Found an opulent altar of Gozag.
  8947 | D:9      | Found a shadowy altar of Dithmenos.
  9018 | D:9      | Received a gift from Trog
  9022 | D:9      | Found a glowing golden altar of the Shining One.
  9284 | D:9      | Noticed Grum
  9299 | D:9      | Killed Grum
  9616 | D:9      | Paralysed by a hornet for 1 turns
  9618 | D:9      | Reached skill level 12 in Axes
  9620 | D:9      | Paralysed by a hornet for 3 turns
  9635 | D:8      | HP: 4/92 [poisoned by a hornet]
  9638 | D:8      | Succumbed to a hornet's poison

Vault maps used:
D:1:      dpeg_arrival_central
D:2:      nicolae_ru_the_path_less_chosen, nicolae_qazlal_eye_of_the_storm,
          overflow_temple_1_default, first_ration
D:3:      lemuel_round_altar
D:4:      grunt_temple_overflow_growth_and_decay, kennysheep_little_box,
          serial_shops, shop, nicolae_shop_stone,
          grunt_dithmenos_smoke_and_mirrors
D:5:      minmay_temple_entry_grid, uniq_duvessa
D:6:      serial_shops, nicolae_shop_stone
D:7:      hangedman_decor_riveting, grunt_ogre_cave, serial_bayou_pond_b,
          uniq_harold
D:8:      gammafunk_temple_overflow_forgotten, okawaru_trees_1
D:9:      tso_oasis_becter, minivault_4, david_defended_altar_elf, uniq_grum

Skill      XL: |  1  2  3  4  5  6  7  8  9 10 |
---------------+-------------------------------+-----
Axes           | 4 5 6 8 9 11 12 | 12.0
Fighting       | 4 5 6 7 8 9 |  9.7
Dodging        | 3 4 5 6 7 |  7.4
Stealth        | 1 2 |  2.6
Armour         | 5 7 9 |  9.2

Action                   |  1- 3 |  4- 6 |  7- 9 | 10-12 || total
-------------------------+-------+-------+-------+-------++-------
Melee: Hand axe          |    82 |    72 |   224 |   149 ||   527
       Headbutt          |     8 |    15 |    57 |    32 ||   112
Invok: Berserk           |       |       |     4 |     1 ||     5
  Use: Scroll            |       |       |     7 |       ||     7
       Potion            |       |       |       |     4 ||     4
 Stab: Sleeping          |       |     2 |     1 |       ||     3
  Eat: Chunk             |     2 |     3 |    15 |     4 ||    24
       Ration            |       |     1 |     1 |       ||     2
Armor: Animal skin       |    16 |     6 |     4 |       ||    26
       Ring mail         |       |       |    33 |    10 ||    43
       Plate armour      |       |       |       |    42 ||    42
Dodge: Dodged            |    62 |    43 |   126 |    63 ||   294

Table legend:
 A = Non-vault XP
 B = Vault XP
 C = Vault XP percentage of total XP
 D = Non-vault monster count
 E = Vault monster count
 F = Vault count percentage of total count
                 A         B        C        D         E       F
            +---------+---------+-------+---------+---------+-------
      Total |    6582 |    2275 |  25.7 |     210 |      12 |   5.4
            +---------+---------+-------+---------+---------+-------
        D:1 |      24 |       0 |   0.0 |      14 |       0 |   0.0
        D:2 |      45 |       0 |   0.0 |      15 |       0 |   0.0
        D:3 |     176 |       0 |   0.0 |      25 |       0 |   0.0
        D:4 |     361 |       0 |   0.0 |      15 |       0 |   0.0
        D:5 |     691 |     228 |  24.8 |      16 |       2 |  11.1
        D:6 |     944 |       0 |   0.0 |      30 |       0 |   0.0
        D:7 |    1631 |    1408 |  46.3 |      36 |       5 |  12.2
        D:8 |    1176 |       0 |   0.0 |      32 |       0 |   0.0
        D:9 |    1534 |     639 |  29.4 |      27 |       5 |  15.6
            +---------+---------+-------+---------+---------+-------
